 Dungeon Crawl Stone Soup version 0.25-a0-699-g25a338df49 (webtiles) character file.

Game seed: 2479330565442015354, levelgen mode: deterministic

8252 Mehrunes the Zephyrmancer (level 11, -12/75 HPs)
             Began as a Mummy Ice Elementalist on Apr 2, 2020.
             Was an Initiate of Gozag.
             Mangled by a seven-headed hydra (14 damage)
             ... on level 1 of the Lair of Beasts.
             The game lasted 00:53:26 (15283 turns).

Mehrunes the Zephyrmancer (Mummy Ice Elementalist) Turns: 15283, Time: 00:53:26

Health: -12/75     AC:  7    Str: 12    XL:     11   Next: 7%
Magic:  1/21       EV: 14    Int: 22    God:    Gozag
Gold:   2364       SH:  5    Dex: 12    Spells: 1/23 levels left

rFire    x x .     SeeInvis .   j - +0 trident
rCold    + + .     Gourm    .   t - +0 buckler
rNeg     + + +     Faith    .   a - +0 robe
rPois    ∞         Spirit   .   (no helmet)
rElec    .         Reflect  .   v - +0 cloak
rCorr    .         Harm     .   e - +2 pair of gloves
MR       +....                  m - +0 pair of boots
Stlth    ++........             (no amulet)
HPRegen  0.22/turn              u - +4 ring of intelligence
MPRegen  0.17/turn              y - ring of ice

@: very slightly contaminated
A: no food or potions, fire vulnerability, cold resistance 1, negative energy
resistance 3, torment resistance, unbreathing
a: Potion Petition, Call Merchant, Bribe Branch, Renounce Religion


You were on level 1 of the Lair of Beasts.
You worshipped Gozag.
Gozag was most pleased with you.
You were not hungry.

You visited 3 branches of the dungeon, and saw 13 of its levels.

You collected 2433 gold pieces.
You paid 69 gold pieces to Gozag.

Inventory:

Hand Weapons
 b - a +0 dagger
 j - a +0 trident (weapon)
Armour
 a - a +0 robe (worn)
 e - a +2 pair of gloves (worn)
 m - a +0 pair of boots (worn)
 o - the +6 chain mail "Dim Peit" {rPois rN+++ Int-4 SInv}
   (You found it on level 5 of the Dungeon)

   It affects your intelligence (-4).
   It protects you from poison.
   It renders you almost immune to negative energy.
   It lets you see invisible.
 t - a +0 buckler (worn)
 v - a +0 cloak (worn)
Magical Staves
 n - an uncursed staff of cold
 p - an uncursed staff of wizardry
Jewellery
 u - a +4 ring of intelligence (left hand)
 y - a ring of ice (right hand)
Wands
 s - a wand of flame (28)
 w - a wand of paralysis (10)
 z - a wand of disintegration (10)
Scrolls
 c - 6 scrolls of magic mapping
 d - a scroll of vulnerability
 f - 2 scrolls of fog
 g - 4 scrolls of amnesia
 h - a scroll of fear
 i - 3 scrolls of teleportation
 k - 4 scrolls of remove curse
 l - a scroll of brand weapon {unknown}
 r - 2 scrolls of identify


   Skills:
 - Level 3.6 Fighting
 + Level 4.5 Dodging
 - Level 1.5 Stealth
 - Level 4.0 Shields
 - Level 6.9 Spellcasting
 - Level 1.8 Charms
 - Level 5.3 Summonings
 - Level 6.0 Ice Magic
 * Level 9.0 Air Magic


You had one spell level left.
You knew the following spells:

 Your Spells              Type           Power        Failure   Level  Hunger
a - Freeze                Ice            ####         1%          1    N/A
b - Frozen Ramparts       Ice            ######       1%          3    N/A
c - Ozocubu's Armour      Chrm/Ice       #####...     4%          3    N/A
d - Summon Ice Beast      Ice/Summ       #####...     8%          4    N/A
e - Blink                 Tloc           N/A          13%         2    N/A
f - Summon Lightning Spi  Summ/Air       #####...     4%          4    N/A
g - Mephitic Cloud        Conj/Pois/Air  ###.....     8%          3    N/A
h - Searing Ray           Conj           #.....       13%         2    N/A

Your spell library contained the following spells:

 Spells                   Type           Power        Failure   Level  Hunger
 Summon Small Mammal      Summ           ####         1%          1    N/A
 Apportation              Tloc           #.....       9%          1    N/A
 Foxfire                  Conj/Fire      #...         9%          1    N/A
 Magic Dart               Conj           #...         9%          1    N/A
 Call Imp                 Summ           ####....     1%          2    N/A
 Recall                   Summ/Tloc      N/A          9%          3    N/A
 Slow                     Hex            #.......     13%         2    N/A
 Hailstorm                Conj/Ice       ####....     24%         4    N/A
 Conjure Flame            Conj/Fire      #.......     26%         3    N/A
 Dazzling Flash           Conj/Hex       #.....       26%         3    N/A
 Inner Flame              Hex/Fire       #.......     26%         3    N/A
 Summon Forest            Summ/Tloc      ###.......   58%         5    N/A
 Fulminant Prism          Conj/Hex       #.........   63%         4    N/A
 Iskenderun's Mystic Bla  Conj/Tloc      #.......     63%         4    N/A
 Sticky Flame             Conj/Fire      #.......     63%         4    N/A
 Fireball                 Conj/Fire      #.........   93%         5    N/A
 Dispersal                Tloc           #.........   100%        6    N/A

Dungeon Overview and Level Annotations

Branches:
Dungeon (10/15)            Temple (1/1) D:6            Lair (2/6) D:9
  Swamp: Lair:2-4    Shoals: Lair:2-4     Snake: Lair:2-4    Spider: Lair:2-4
    Orc: D:9-12

Altars:
Ashenzari
Cheibriados
Dithmenos
Elyvilon
Fedhas
Gozag
Hepliaklqana
Kikubaaqudgha
Makhleb
Nemelex Xobeh
Okawaru
Qazlal
Ru
Sif Muna
Trog
Uskayaw
Vehumet
Wu Jian
Xom
Yredelemnul
Zin
The Shining One

Shops:
D:5 !   D:6 [

Annotations:
D:3 1 runed translucent door


Innate Abilities, Weirdness & Mutations

You do not eat or drink.
Your flesh is vulnerable to fire.
You are immune to poison.
Your flesh is cold resistant. (rC+)
You are immune to negative energy. (rN+++)
You are immune to unholy pain and torment.
You can survive without breathing.


Message History

You block the seven-headed hydra's attack.
The seven-headed hydra bites you but does no damage.
The seven-headed hydra bites you.
The seven-headed hydra barely misses you.
The seven-headed hydra bites you but does no damage.
The seven-headed hydra bites you! x2
Casting: Blink (safe; 13% risk of failure)
Confirm with . or Enter, or press ? or * to list all spells.
You miscast Blink.
The air around you crackles with energy!
The seven-headed hydra bites you!
* * * LOW HITPOINT WARNING * * *
The seven-headed hydra bites you but does no damage.
The seven-headed hydra bites you!
* * * LOW HITPOINT WARNING * * *
You block the seven-headed hydra's attack.
The seven-headed hydra barely misses you.
The seven-headed hydra bites you!
You die...
Your body crumbles into a pile of gold.

##.......#....#####
##............####..
##...............##P.
#......>.........###.
#................# #.
#..........###.#.###.
##.........##........
##.D.......##.......
##@......##.##.P#..
#..####........#..
###..P###...........
#...................
#...................
#...................
#....####...........
#....## ##......#...
#.#...###.#....##...


You could see a seven-headed hydra.

Vanquished Creatures
  A two-headed ogre (D:9)
  An elephant (D:9)
  4 yaks
  A basilisk (D:9)
  2 insubstantial wisps (Lair:1)
  A porcupine (D:9)
  2 water moccasins
  An orc warrior (D:6)
  2 sky beasts
  2 phantoms
  3 black bears
  2 ogres
  A crocodile (D:9)
  2 centaurs (D:6)
  4 bullfrogs
  2 scorpions (D:6)
  10 killer bees (D:8)
  A howler monkey (D:4)
  4 crimson imps
  3 bullfrog skeletons (D:5)
  4 hounds
  2 orc priests (D:5)
  2 orc wizards
  An iguana (D:7)
  6 worker ants
  Natasha (twice) (D:2)
  4 gnolls (D:2)
  6 adders
  2 oozes
  An adder skeleton (D:4)
  2 worms
  2 dart slugs (D:1)
  4 leopard geckos
  9 orcs
  7 giant cockroaches
  5 goblins
  4 hobgoblins
  7 jackals
  3 quokkas
  A ball python (D:7)
  2 bats
  5 frilled lizards
  A jackal skeleton (D:5)
  7 kobolds (D:1)
  A kobold zombie (D:4)
  A quokka skeleton (D:8)
  9 rats
149 creatures vanquished.

Vanquished Creatures (collateral kills)
  A black mamba (Lair:1)
  A centaur skeleton (D:10)
  A torpor snail (Lair:1)
  A spiny frog (Lair:1)
  A komodo dragon (Lair:1)
  A queen bee (D:8)
  2 hippogriffs
  3 blink frogs (Lair:2)
  A wraith (D:10)
  3 basilisks
  6 yaks
  A steam dragon (D:9)
  A vampire mosquito (D:9)
  2 insubstantial wisps (Lair:1)
  2 water moccasins
  A black bear (Lair:2)
  An ice beast (D:8)
  An orc warrior (D:8)
  An ogre (D:8)
  4 centaurs
  2 crocodiles
  2 bullfrogs (Lair:1)
  A wyvern skeleton (D:8)
  13 killer bees
  A howler monkey (D:8)
  2 centaur zombies
  A bullfrog zombie (D:7)
  2 jellies (D:9)
  2 orc priests (D:8)
  An iguana (D:8)
  An orc wizard (D:8)
  2 worker ants (D:8)
  A hound zombie (D:8)
  4 gnolls (D:9)
  An adder (D:10)
  3 shadow imps
  10 orcs
  A quokka (D:8)
  A jackal skeleton (D:8)
86 creatures vanquished.

Grand Total: 235 creatures vanquished

Notes
Turn   | Place    | Note
-------+----------+-------------------------------------------
     0 | D:1      | Mehrunes the Mummy Ice Elementalist began the quest for the
                  | Orb.
     0 | D:1      | Reached XP level 1. HP: 13/13 MP: 4/4
   177 | D:1      | Reached XP level 2. HP: 10/20 MP: 0/5
   213 | D:1      | Reached skill level 1 in Fighting
   661 | D:1      | Reached XP level 3. HP: 26/26 MP: 0/7
   775 | D:1      | Learned a level 3 spell: Frozen Ramparts
  1458 | D:2      | Learned a level 3 spell: Ozocubu's Armour
  1475 | D:2      | Reached XP level 4. HP: 14/33 MP: 4/8
  1940 | D:2      | Noticed Natasha
  1957 | D:2      | Killed Natasha
  1957 | D:2      | Reached skill level 1 in Charms
  2046 | D:2      | Noticed Natasha
  2052 | D:2      | Killed Natasha
  2052 | D:2      | Reached XP level 5. HP: 38/38 MP: 3/9
  2768 | D:3      | Found a runed translucent door,
  2768 | D:3      | Noticed a human
  2774 | D:3      | Found a basalt altar of Yredelemnul,
  3356 | D:4      | Noticed a black bear
  3480 | D:3      | Killed a black bear
  3480 | D:3      | Reached skill level 5 in Ice Magic
  3480 | D:3      | Reached XP level 6. HP: 24/46 MP: 4/10
  4502 | D:5      | Entered Level 5 of the Dungeon
  4570 | D:5      | Reached XP level 7. HP: 22/52 MP: 4/12
  4794 | D:5      | Learned a level 4 spell: Summon Ice Beast
  4849 | D:5      | Learned a level 2 spell: Blink
  5475 | D:5      | Got a warped chain mail
  5487 | D:5      | Identified the +6 chain mail "Dim Peit" {rPois rN+++ Int-4
                  | SInv} (You found it on level 5 of the Dungeon)
  5804 | D:5      | Found Nety's Distillery,
  5883 | D:5      | Reached skill level 1 in Summonings
  6709 | D:6      | Identified the Handbook of the Entourage and Dislocation
  6750 | D:6      | Found a staircase to the Ecumenical Temple,
  6757 | Temple   | Entered the Ecumenical Temple
  6936 | Temple   | Became a worshipper of Gozag Ym Sagoz the Greedy
  7001 | D:6      | Reached XP level 8. HP: 59/59 MP: 10/14
  7370 | D:6      | Found a snail-covered altar of Cheibriados,
  7383 | D:6      | Reached skill level 5 in Spellcasting
  7489 | D:6      | Found Niyme's Antique Armour Shoppe,
  7687 | D:6      | Learned a level 4 spell: Summon Lightning Spire
  7806 | D:7      | Reached skill level 1 in Air Magic
  8117 | D:7      | Reached skill level 5 in Summonings
  8141 | D:7      | Found a radiant altar of Vehumet,
  8143 | D:7      | Found an ancient bone altar of Kikubaaqudgha,
  8145 | D:7      | Found a glowing golden altar of the Shining One,
  8150 | D:7      | Found a bloodstained altar of Trog,
  8150 | D:7      | Found a hazy altar of Hepliaklqana,
  8152 | D:7      | Found a blossoming altar of Fedhas,
  8159 | D:7      | Reached skill level 2 in Air Magic
  8470 | D:7      | Reached XP level 9. HP: 47/64 MP: 14/18
  8837 | D:8      | Reached skill level 3 in Air Magic
  8843 | D:8      | Reached skill level 1 in Shields
  9186 | D:8      | Reached skill level 4 in Air Magic
  9569 | D:8      | Noticed a queen bee
  9590 | D:8      | Killed a queen bee
  9875 | D:8      | Reached skill level 5 in Air Magic
 10719 | D:9      | Noticed a two-headed ogre
 10734 | D:9      | Killed a two-headed ogre
 10734 | D:9      | Reached skill level 6 in Air Magic
 10734 | D:9      | Reached XP level 10. HP: 70/70 MP: 10/19
 10840 | D:9      | Found a staircase to the Lair,
 10840 | D:9      | Noticed an elephant
 10954 | D:9      | Killed an elephant
 11197 | D:9      | You fall into a shaft and drop 1 floor!
 11197 | D:10     | Entered Level 10 of the Dungeon
 11294 | D:10     | Reached skill level 7 in Air Magic
 11365 | D:10     | Learned a level 3 spell: Mephitic Cloud
 12472 | Lair:1   | Entered Level 1 of the Lair of Beasts
 13578 | D:9      | Reached skill level 8 in Air Magic
 13774 | D:9      | Identified a scroll of acquirement
 13799 | Lair:1   | Noticed a torpor snail
 13808 | Lair:1   | Killed a torpor snail
 13838 | Lair:1   | Noticed a black mamba
 13845 | Lair:1   | Killed a black mamba
 13999 | Lair:1   | Noticed a spiny frog
 14009 | Lair:1   | Killed a spiny frog
 14203 | Lair:1   | Learned a level 2 spell: Searing Ray
 15093 | Lair:2   | Reached XP level 11. HP: 66/75 MP: 4/21
 15251 | Lair:2   | Noticed a seven-headed hydra
 15257 | Lair:2   | Reached skill level 9 in Air Magic
 15283 | Lair:1   | HP: 2/75 [seven-headed hydra (14)]
 15283 | Lair:1   | Mangled by a seven-headed hydra

Levels and vault maps discovered:
D:1:      giann_horns, layout_loops_cross
D:2:      layout_loops_corners, uniq_natasha
D:3:      layout_loops_ring, dk_yredelemnul_ordeal
D:4:      layout_rooms, first_ration
D:5:      layout_basic, serial_shops, shop, serial_park_tiny_pond
D:6:      layout_rooms, minmay_temple_entry_arrows, serial_shops,
          nicolae_shop_waterfront, cheibriados_altar_1
D:7:      layout_basic, grunt_temple_overflow_open
D:8:      layout_loops_cross, david_nohive_1, grunt_ministairs_4
D:9:      layout_rooms, david_lair_generic
D:10:     layout_stronghold, uniq_erica, uniq_joseph
Temple:   nicolae_temple_elliptical
Lair:1:   layout_gridlike, pond, lemuel_fruit_tree
Lair:2:   layout_cave_pods, grunt_forest_large_clearings, grunt_megastairs_5,
          uniq_gastronok

Skill      XL: |  1  2  3  4  5  6  7  8  9 10 11 |
---------------+----------------------------------+-----
Fighting       | 1 2 3 |  3.6
Ice Magic      | 4 5 6 |  6.0
Charms         | 1 |  1.8
Dodging        | 2 4 |  4.5
Spellcasting   | 3 4 6 |  6.9
Summonings     | 2 5 |  5.3
Air Magic      | 2 6 8 9 |  9.0
Shields        | 3 4 |  4.0
Stealth        | |  1.5

Action                   |  1- 3 |  4- 6 |  7- 9 | 10-12 || total
-------------------------+-------+-------+-------+-------++-------
Melee: Unarmed           |     1 |       |       |       ||     1
       Dagger            |     8 |     1 |     6 |     5 ||    20
       Trident           |       |    29 |    48 |     4 ||    81
       Staff             |       |       |    10 |     3 ||    13
 Cast: Freeze            |    51 |    59 |   110 |    25 ||   245
       Frozen Ramparts   |     1 |    10 |    15 |     9 ||    35
       Ozocubu's Armour  |       |     2 |     8 |    10 ||    20
       Summon Ice Beast  |       |       |    24 |    45 ||    69
       Summon Lightning  |       |       |    18 |    27 ||    45
       Searing Ray       |       |       |       |     3 ||     3
       Mephitic Cloud    |       |       |       |     1 ||     1
  Use: Scroll            |       |     4 |     4 |     8 ||    16
Armor: Robe              |     5 |    24 |    65 |    40 ||   134
Dodge: Dodged            |    34 |    38 |   151 |    83 ||   306
Block: Buckler           |       |       |     2 |    21 ||    23

Table legend:
 A = Non-vault XP
 B = Vault XP
 C = Vault XP percentage of total XP
 D = Non-vault monster count
 E = Vault monster count
 F = Vault count percentage of total count
                 A         B        C        D         E       F
            +---------+---------+-------+---------+---------+-------
      Total |    9025 |    2764 |  23.4 |     202 |      33 |  14.0
            +---------+---------+-------+---------+---------+-------
        D:1 |      58 |       0 |   0.0 |      31 |       0 |   0.0
        D:2 |     128 |      32 |  20.0 |      18 |       1 |   5.3
        D:3 |     134 |       0 |   0.0 |       7 |       0 |   0.0
        D:4 |     326 |       1 |   0.3 |      18 |       1 |   5.3
        D:5 |     361 |       0 |   0.0 |      14 |       0 |   0.0
        D:6 |    1106 |       0 |   0.0 |      16 |       0 |   0.0
        D:7 |     682 |       0 |   0.0 |      14 |       0 |   0.0
        D:8 |     964 |    1055 |  52.3 |      37 |      18 |  32.7
        D:9 |    2488 |     743 |  23.0 |      24 |       5 |  17.2
       D:10 |     699 |       0 |   0.0 |       7 |       0 |   0.0
     Lair:1 |    1296 |     378 |  22.6 |      11 |       4 |  26.7
     Lair:2 |     783 |     555 |  41.5 |       5 |       4 |  44.4
            +---------+---------+-------+---------+---------+-------
